 Dungeon Crawl Stone Soup version 0.31-a0-37-g98a128e1d9 (webtiles) character file.

Game seed: 15898603614577342743

51 Nedwor the Cutter (level 3, -4/28 HPs)
             Began as a Demonspawn Gladiator on May 15, 2023.
             Slain by a gnoll
             ... wielding a +0 spear
              (8 damage)
             ... on level 2 of the Dungeon.
             The game lasted 00:02:12 (1228 turns).

Nedwor the Cutter (Demonspawn Gladiator)            Turns: 1228, Time: 00:02:13

Health: -4/28      AC:  5    Str: 16    XL:     3   Next: 57%
Magic:  3/3        EV: 12    Int:  9    God:
Gold:   45         SH:  0    Dex: 14    Spells: 2/2 levels left

rFire   . . .        a - +0 rapier
rCold   . . .        (no shield)
rNeg    . . .        b - +0 leather armour
rPois   .            o - +1 hat
rElec   .            f - +0 cloak
rCorr   .            (no gloves)
SInv    .            (no boots)
Will    .....        (no amulet)
Stlth   +            (no ring)
HPRegen 0.24/turn    (no ring)
MPRegen 0.08/turn

%: no passive effects
@: no status effects
A: spiny 1
a: no special abilities


You were on level 2 of the Dungeon.
You visited 1 branch of the dungeon, and saw 2 of its levels.

You collected 45 gold pieces.

Inventory:

Hand Weapons
 a - a +0 rapier (weapon)
Missiles
 n - 2 javelins (quivered)
Armour
 b - a +0 leather armour (worn)
 c - a +0 helmet
 f - a +0 cloak (worn)
 o - a +1 hat (worn)
Jewellery
 d - a ring of protection from cold
 e - a ring of magical power
Scrolls
 k - 2 scrolls of fear
Potions
 i - 3 potions of heal wounds
 j - a potion of haste {unknown}
 m - a potion of attraction {unknown}


   Skills:
 + Level 2.4 Fighting
 * Level 3.3 Short Blades
 - Level 1.7 Throwing
 + Level 1.1 Armour
 + Level 3.0 Dodging


You had 2 spell levels left.
You didn't know any spells.
Your spell library was empty.

Dungeon Overview and Level Annotations

Branches:
Dungeon (2/15)

Altars:

Shops:
D:1 ==


Innate Abilities, Weirdness & Mutations

You are partially covered in sharp spines.


Message History

The hobgoblin hits you but does no damage.
You completely miss the hobgoblin.
The hobgoblin is severely wounded.
The gnoll completely misses you. The hobgoblin is struck by your spines.
You kill the hobgoblin!
The gnoll misses you. The gnoll hits you but does no damage.
You see here a hobgoblin corpse.
The gnoll barely misses you.
You see here a quokka corpse.
The gnoll attacks as you move away! The gnoll misses you.
The gnoll attacks as you move away! The gnoll is struck by your spines.
The gnoll closely misses you. The gnoll attacks as you move away!
The gnoll barely misses you.
You hit the gnoll but do no damage.
The gnoll is heavily wounded.
The gnoll hits you with a +0 club. The gnoll closely misses you.
You barely miss the gnoll.
The gnoll is heavily wounded.
The gnoll hits you but does no damage. The gnoll completely misses you.
You hit the gnoll.
The gnoll is severely wounded.
The gnoll closely misses you.
The gnoll hits you from afar with a +0 spear.
You closely miss the gnoll.
The gnoll is severely wounded.
The gnoll hits you with a +0 club!
* * * LOW HITPOINT WARNING * * *
The gnoll closely misses you.
You hit the gnoll but do no damage.
The gnoll is severely wounded.
The gnoll hits you but does no damage. The gnoll barely misses you.
You closely miss the gnoll.
The gnoll is severely wounded.
The gnoll barely misses you. x2
You hit the gnoll.
You kill the gnoll!
The gnoll hits you from afar with a +0 spear.
* * * LOW HITPOINT WARNING * * *
The gnoll hits you from afar with a +0 spear!
You die...

##.....###### #. #[.#.....#...
$. .. #####.#.......... .. ##.
####................ #. #..
##....####........... #.# #.#
#..#### #........... #>.##.#
#.## #...........
..###..#.###.########...........
.........†...gg@................
#####....#..##########.....#...
#####†.#...## #.#...####
#.....###..# #...###... #..)..#
#..# ###..##...##
....†...!#....# ........####
...........##.# ...........#
..........## .. .#..######..
..........# ... ###


You could see 2 gnolls.

Vanquished Creatures
  A gnoll (D:2)
  An adder (D:2)
  A ball python (D:1)
  3 endoplasms (D:1)
  2 giant cockroaches
  5 goblins
  4 hobgoblins
  2 quokkas
  3 frilled lizards
  3 kobolds (D:1)
  5 rats (D:1)
30 creatures vanquished.

Notes
Turn   | Place    | Note
-------+----------+-------------------------------------------
     0 | D:1      | Nedwor the Demonspawn Gladiator began the quest for the
                  | Orb.
     0 | D:1      | Reached XP level 1. HP: 16/16 MP: 1/1
   289 | D:1      | Gained mutation: You are partially covered in sharp spines.
                  | [demonic ancestry]
   289 | D:1      | Reached XP level 2. HP: 22/22 MP: 2/2
   428 | D:1      | Found Behiut's Jewellery Shoppe.
   988 | D:1      | Found Gupihao's Jewellery Shoppe.
  1174 | D:2      | Reached skill level 1 in Armour
  1174 | D:2      | Reached XP level 3. HP: 24/28 MP: 3/3
  1228 | D:2      | Slain by a gnoll

Illustrated notes

Levels and vault maps discovered:
D:1:      minmay_arrival_split_and_join, layout_basic, serial_shops,
          shop_fountains, nicolae_shop_statue_plus, grunt_decor_one_mirror,
          st_stairs_3
D:2:      layout_rooms

Skill      XL: |  1  2 |
---------------+-------+-----
Short Blades   | 3 |  3.3
Armour         | 1 |  1.1
Dodging        | 3 |  3.0
Fighting       | |  2.4
Throwing       | |  1.7

Action                     || total
---------------------------++-------
  Melee: Rapier            ||    64
    Use: Scroll            ||     5
 Armour: Leather armour    ||    17
  Dodge: Dodged            ||    45

Table legend: (Time is in decaauts)
 A = Elapsed time spent in this place.
 B = Non-inter-level travel time spent in this place.
 C = Inter-level travel time spent in this place.
 D = Time resting spent in this place.
 E = Time spent auto-exploring this place.
 F = Levels seen in this place.
 G = Mean time per level.
                   A        B        C        D        E       F      G
               +--------+--------+--------+--------+--------+-----+--------+
         Total |   1231 |   1157 |     74 |      0 |    942 |   2 |  615.5 |
       Dungeon |   1231 |   1157 |     74 |      0 |    942 |   2 |  615.5 |
               +--------+--------+--------+--------+--------+-----+--------+

Top non-repeatable levels by time:
     D:1: 1093 daAuts
     D:2: 137 daAuts
